 Dungeon Crawl Stone Soup version 0.19.5 (webtiles) character file.

12453 Jerry the Protected (level 11, -3/104 HPs)
             Began as a Minotaur Fighter on Apr 1, 2017.
             Was a High Priest of Okawaru.
             Slain by mif's ghost (14 damage)
             ... in an ice cave.
             The game lasted 00:25:50 (9791 turns).

Jerry the Protected (Minotaur Fighter)              Turns: 9791, Time: 00:25:50

Health: -3/104     AC: 13    Str: 30    XL:     11   Next: 62%
Magic:  13/13      EV: 12    Int:  7    God:    Okawaru [*****.]
Gold:   538        SH:  0    Dex: 10    Spells: 3 memorised, 6 levels left

rFire  + . .     SeeInvis +     P - +3 long sword (freeze)
rCold  . . .     Gourm    .     s - +1 chain mail
rNeg   . . .     Faith    .     (no shield)
rPois  +         Spirit   .     (helmet unavailable)
rElec  .         Reflect  .     (no cloak)
rCorr  .         Harm     .     (no gloves)
MR     .....                    (no boots)
Stlth  ..........               v - amulet of regeneration
                                m - +3 ring of strength
                                M - ring of see invisible

@: mighty, frozen, very slow
A: retaliatory headbutt, horns 3, blurry vision 1, fire resistance 1, poison
resistance
a: Heroism, Finesse, Renounce Religion


You were in an ice cave.
You worshipped Okawaru.
Okawaru was extremely pleased with you.
You were not hungry.

You visited 2 branches of the dungeon, and saw 12 of its levels.
You also visited: Ice Cave.

You collected 538 gold pieces.

Inventory:

Hand Weapons
 a - a +1 long sword of venom
 B - the +12 dagger of Catesmott {protect, rPois}
   (You found it on level 6 of the Dungeon)

   It protects the one who uses it against injury (+AC on strike).
   It protects you from poison.
 P - a +3 long sword of freezing (weapon)
Missiles
 L - 4 javelins of returning (quivered)
Armour
 s - a +1 chain mail (worn)
Jewellery
 m - a +3 ring of strength (right hand)
 v - an amulet of regeneration (around neck)
 C - an uncursed ring of flight
 M - a ring of see invisible (left hand)
Wands
 o - a wand of confusion (34/48)
 t - a wand of teleportation (4/9)
 D - a wand of random effects (4/48)
 K - a wand of flame (23/48)
Scrolls
 c - 2 scrolls of enchant armour
 h - 2 scrolls of teleportation
 i - 2 scrolls of recharging
 q - 3 scrolls of noise
 r - 5 scrolls of fear
 E - a scroll of remove curse
 F - a scroll of amnesia
 J - 2 scrolls of fog {unknown}
Potions
 e - a potion of cancellation
 l - 4 potions of magic
 n - 3 potions of brilliance
 p - 6 potions of curing {unknown}
 x - a potion of degeneration {unknown}
 z - 2 potions of haste {unknown}
 A - 2 potions of lignification {unknown}
 G - a potion of berserk rage {unknown}
 I - a potion of resistance {unknown}
 N - 2 potions of agility {unknown}
Books
 u - a book of Changes

   Spells                             Type                      Level
   a - Beastly Appendage              Transmutation                1
   b - Sticks to Snakes               Transmutation                2
   c - Spider Form                    Transmutation/Poison         3
   d - Ice Form                       Ice/Transmutation            4
   e - Blade Hands                    Transmutation                5
Comestibles
 b - 11 chunks of flesh
 f - 9 bread rations
 g - 3 slices of pizza
 j - 8 beef jerkies
 k - 3 meat rations
 w - 4 fruits
 O - a royal jelly


   Skills:
 + Level 12.1 Fighting
 + Level 11.7 Long Blades
 + Level 12.2 Armour
 - Level 6.9 Dodging
   Level 3.6 Shields
 + Level 4.1 Invocations


You had 6 spell levels left.
You knew the following spells:

 Your Spells              Type           Power        Failure   Level  Hunger
a - Animate Skeleton      Necr           N/A          98%         1    ##.....
b - Repel Missiles        Chrm/Air       #.....       99%         2    ###....
c - Apportation           Tloc           #.........   98%         1    ##.....


Dungeon Overview and Level Annotations

Branches:
Dungeon (11/15)            Temple (1/1) D:5            Lair (0/6) D:9
    Orc (0/2) D:10

Altars:
Ashenzari
Cheibriados
Dithmenos
Elyvilon
Fedhas
Gozag
Hepliaklqana
Kikubaaqudgha
Makhleb
Nemelex Xobeh
Okawaru
Qazlal
Ru
Sif Muna
Trog
Uskayaw
Vehumet
Xom
Yredelemnul
Zin
The Shining One

Shops:
D:10 [

Annotations:
IceCv mif's ghost, journeyman MiBe


Innate Abilities, Weirdness & Mutations

You reflexively headbutt those who attack you in melee.
You have a pair of large horns on your head.
Scrolls take you a little longer to read.
Your flesh is heat resistant. (rF+)
Your system is resistant to poisons. (rPois)


Message History

You closely miss the rime drake. Your headbutt misses the rime drake.
The rime drake breathes ice at you. The flash freeze hits you!
* * * LOW HITPOINT WARNING * * *
You are encased in ice.
Mif's ghost completely misses you.
The rime drake bites you but does no damage.
The ice encasing you melts away. Mif's ghost hits you!
* * * LOW HITPOINT WARNING * * *
The rime drake bites you but does no damage.
Some of the chunks of flesh in your inventory have rotted away.
There is an ice choked empty arch of ancient stone here.
The rime drake breathes ice at you. The flash freeze hits you!
* * * LOW HITPOINT WARNING * * *
You are encased in ice.
There is an ice covered gate leading back out of this place here.
Mif's ghost hits you!
You die...

## #.# ####
#.######..##
#....##....##
##.......k..#
#.......∩W@.#
#....##.......#
##..# ###....##
### ##..## ####


You could see a rime drake and mif's ghost.

Vanquished Creatures
  A queen ant (D:8)
  2 hill giants
  Pikel (D:6)
  2 ugly things
  Joseph (D:10)
  2 trolls
  A two-headed ogre (D:8)
  3 hippogriffs
  7 yaks
  16 soldier ants
  Edmund (D:6)
  3 water moccasins
  An eye of draining (D:8)
  4 sky beasts
  2 orc warriors
  6 ice beasts
  2 phantoms
  A slave (D:6)
  2 black bears
  5 ogres
  A centaur (D:6)
  3 bullfrogs
  11 killer bees
  4 wights (D:8)
  2 electric eels (D:9)
  The ghost of letownia the Digger, a weakling FoEE (D:4)
  3 howler monkeys (D:10)
  4 crimson imps
  A centaur zombie (D:5)
  A lava snake (D:9)
  2 quasits
  6 hounds
  A jelly (D:7)
  4 orc priests
  11 orc wizards
  A bullfrog skeleton (D:5)
  2 centaur skeletons
  2 iguanas
  30 worker ants
  A killer bee zombie (D:10)
  A hound skeleton (D:10)
  A howler monkey zombie (D:8)
  3 gnolls (D:4)
  8 adders
  A howler monkey skeleton (D:9)
  An ooze (D:7)
  2 adder zombies
  An adder skeleton (D:7)
  A worm (D:3)
  A dart slug (D:4)
  4 leopard geckos
  20 orcs
  A ball python (D:8)
  4 bats
  6 giant cockroaches
  2 gnoll zombies (D:3)
  A goblin (D:1)
  4 hobgoblins
  12 jackals
  5 quokkas
  4 frilled lizards
  2 kobolds
  A leopard gecko zombie (D:7)
  4 rats
244 creatures vanquished.

Vanquished Creatures (others)
  Sigmund (D:6)
  2 slaves (D:6)
  A crocodile (D:6)
  An adder (D:6)
  A giant cockroach (D:6)
6 creatures vanquished.

Grand Total: 250 creatures vanquished

Notes
Turn   | Place    | Note
-------+----------+-------------------------------------------
     0 | D:1      | Jerry the Minotaur Fighter began the quest for the Orb.
     0 | D:1      | Reached XP level 1. HP: 19/19 MP: 0/0
   281 | D:1      | Reached XP level 2. HP: 27/27 MP: 1/1
   806 | D:2      | Reached skill level 1 in Dodging
   848 | D:2      | Reached XP level 3. HP: 22/33 MP: 2/2
  1465 | D:3      | Reached XP level 4. HP: 39/40 MP: 3/3
  2233 | D:3      | Found a basalt altar of Yredelemnul.
  2353 | D:4      | Reached XP level 5. HP: 44/47 MP: 4/4
  2439 | D:4      | Noticed an ogre
  2769 | D:4      | Killed an ogre
  2769 | D:4      | Reached skill level 5 in Fighting
  2860 | D:4      | Reached skill level 5 in Armour
  2909 | D:4      | Reached XP level 6. HP: 33/56 MP: 5/5
  3027 | D:4      | Noticed letownia's ghost (weakling FoEE)
  3061 | D:4      | Killed letownia's ghost
  3319 | D:4      | Gained mutation: You have a pair of large horns on your head. [potion of mutation]
  3319 | D:4      | Gained mutation: Scrolls take you a little longer to read. [potion of mutation]
  3319 | D:4      | Gained mutation: Your flesh is heat resistant. (rF+) [potion of mutation]
  3320 | D:4      | Gained mutation: Your system is resistant to poisons. (rPois) [potion of mutation]
  3320 | D:4      | Gained mutation: You have large cloven feet. [potion of mutation]
  3320 | D:4      | Lost mutation: You have large cloven feet. [potion of mutation]
  3329 | D:5      | Entered Level 5 of the Dungeon
  3329 | D:5      | Noticed an ice beast
  3355 | D:5      | Reached skill level 5 in Long Blades
  3355 | D:5      | Reached XP level 7. HP: 61/62 MP: 6/6
  3564 | D:5      | Found a staircase to the Ecumenical Temple.
  3578 | Temple   | Entered the Ecumenical Temple
  3658 | Temple   | Became a worshipper of Warmaster Okawaru
  4260 | D:6      | Noticed Pikel
  4273 | D:6      | Killed Pikel
  4273 | D:6      | Reached * piety under Okawaru
  4273 | D:6      | Reached skill level 5 in Dodging
  4273 | D:6      | Reached XP level 8. HP: 69/73 MP: 7/7
  4328 | D:6      | Reached ** piety under Okawaru
  4497 | D:6      | Killed Sigmund
  4509 | D:6      | Noticed Edmund
  4522 | D:6      | Killed Edmund
  4569 | D:6      | Reached XP level 9. HP: 63/81 MP: 8/8
  4901 | D:6      | Got an encrusted dagger
  4904 | D:6      | Identified the +12 dagger of Catesmott {protect, rPois} (You found it on level 6 of the Dungeon)
  5061 | D:7      | Reached *** piety under Okawaru
  5377 | D:7      | Noticed a white ugly thing
  5397 | D:7      | Killed a white ugly thing
  6025 | D:8      | Reached **** piety under Okawaru
  6026 | D:8      | Noticed a purple ugly thing
  6041 | D:8      | Killed a purple ugly thing
  6083 | D:8      | Identified the Guide on Floating Black Magic
  6089 | D:8      | Reached XP level 10. HP: 89/91 MP: 7/9
  6360 | D:8      | Reached skill level 10 in Armour
  6393 | D:8      | Received a gift from Okawaru
  6456 | D:8      | Reached skill level 10 in Fighting
  6511 | D:8      | Reached skill level 10 in Long Blades
  6573 | D:8      | Noticed a queen ant
  6581 | D:8      | Reached ***** piety under Okawaru
  6595 | D:8      | Killed a queen ant
  6800 | D:8      | Identified the Collected Works on Flying Transmigration
  6831 | D:8      | Learned a level 1 spell: Animate Skeleton
  6834 | D:8      | Learned a level 2 spell: Repel Missiles
  6836 | D:8      | Learned a level 1 spell: Apportation
  7065 | D:8      | Received a gift from Okawaru
  7725 | D:9      | Found a shimmering altar of Xom.
  7736 | D:9      | Found a hide-covered altar of Uskayaw.
  7808 | D:9      | Found a bloodstained altar of Trog.
  7830 | D:9      | Reached XP level 11. HP: 102/102 MP: 10/10
  7837 | D:9      | Reached skill level 1 in Invocations
  7852 | D:9      | Found a staircase to the Lair.
  8516 | D:10     | Entered Level 10 of the Dungeon
  8523 | D:10     | Found Fiqil's Antique Armour Boutique.
  8582 | D:10     | Found a staircase to the Orcish Mines.
  8586 | D:10     | Noticed a hill giant
  8593 | D:10     | Killed a hill giant
  8864 | D:10     | Noticed Joseph
  8883 | D:10     | Killed Joseph
  8910 | D:10     | Got an ancient scale mail
  8913 | D:10     | Identified the cursed +0 scale mail of the Hidden Blessings {rF+ MR+ Str-4} (You found it on level 10 of the Dungeon)
  9678 | D:11     | Noticed a hill giant
  9696 | D:11     | Killed a hill giant
  9734 | D:11     | Found a frozen archway.
  9746 | IceCv    | Entered an ice cave
  9769 | IceCv    | Noticed mif's ghost (journeyman MiBe)
  9791 | IceCv    | Slain by mif's ghost

Skill      XL: |  1  2  3  4  5  6  7  8  9 10 11 |
---------------+----------------------------------+-----
Long Blades    | 3 4 5 6 7 9 10 11 | 11.7
Dodging        | 1 2 3 5 6 |  6.9
Fighting       | 4 5 7 9 11 12 | 12.1
Armour         | 4 5 7 9 11 12 | 12.2
Invocations    | 4 |  4.1
Shields        | |  3.6

Action                   |  1- 3 |  4- 6 |  7- 9 | 10-12 || total
-------------------------+-------+-------+-------+-------++-------
Melee: Long sword        |    49 |    98 |   122 |   349 ||   618
       Headbutt          |     6 |    28 |    38 |   100 ||   172
       Dagger            |       |       |    79 |       ||    79
Evoke: Wand              |       |       |       |     3 ||     3
  Use: Potion            |       |     3 |       |     1 ||     4
       Scroll            |       |    13 |     3 |     5 ||    21
  Eat: Chunk             |     2 |     6 |     8 |    13 ||    29
Armor: Scale mail        |    23 |    19 |       |       ||    42
       Chain mail        |       |    49 |    91 |   134 ||   274
Dodge: Dodged            |    34 |    74 |    75 |   204 ||   387
       Rpst.: Long sword |     9 |    18 |    11 |    59 ||    97
